 Dungeon Crawl Stone Soup version 0.25-a0-558-g78a2afb0af (webtiles) character file.

Game seed: 502373105005509827, levelgen mode: deterministic

6995 Flugslaktarn the Cleaver (level 10, -9/92 HPs)
             Began as a Deep Dwarf Fighter on Feb 24, 2020.
             Was a Priest of Makhleb.
             Mangled by a redback (11 damage)
             ... summoned by a deep elf mage
             ... in a bailey.
             The game lasted 00:04:27 (5463 turns).

Flugslaktarn the Cleaver (Deep Dwarf Fighter)       Turns: 5463, Time: 00:04:27

Health: -9/92      AC: 15    Str: 22 (24) XL:     10   Next: 82%
Magic:  10/10      EV:  6    Int:  5 (8)  God:    Makhleb [***...]
Gold:   411        SH:  0    Dex: 11 (12) Spells: 9/9 levels left

rFire    . . .     SeeInvis .   a - +0 war axe
rCold    . . .     Gourm    .   c - +0 kite shield
rNeg     . . .     Faith    .   I - +0 chain mail
rPois    +         Spirit   .   q - +0 helmet
rElec    .         Reflect  .   H - +1 cloak {rPois}
rCorr    .         Harm     +   K - +0 pair of gloves
MR       +....                  (no boots)
Stlth    ..........             J - amulet of harm
HPRegen  0.00/turn              (no ring)
MPRegen  0.12/turn              (no ring)

@: confused, non-regenerating, lightly drained
A: damage resistance, heal wounds, sense surroundings 2, no regeneration
a: Heal Wounds, Minor Destruction, Lesser Servant of Makhleb, Renounce Religion


You were in a bailey.
You worshipped Makhleb.
Makhleb was most pleased with you.
You were not hungry.

You visited 1 branch of the dungeon, and saw 9 of its levels.
You also visited: Ossuary and Bailey.

You collected 411 gold pieces.

Inventory:

Hand Weapons
 a - a +0 war axe (weapon)
Missiles
 C - 2 throwing nets (quivered)
Armour
 b - a +0 scale mail
 c - a +0 kite shield (worn)
 o - a +2 cloak
   (You found it on level 5 of the Dungeon)
 q - a +0 helmet (worn)
   (You found it on level 4 of the Dungeon)
 H - a +1 cloak of poison resistance (worn)
   (You took it off Maurice on level 8 of the Dungeon)
 I - a +0 chain mail (worn)
   (You took it off an orc warrior on level 8 of the Dungeon)
 K - a +0 pair of gloves (worn)
   (You found it on level 8 of the Dungeon)
Jewellery
 J - an amulet of harm (around neck)
   (You found it on level 8 of the Dungeon)
Wands
 v - a wand of digging (4)
   (You took it off Maurice on level 8 of the Dungeon)
 y - a wand of iceblast (5)
   (You found it on level 7 of the Dungeon)
 L - a wand of paralysis (7)
   (You found it on level 9 of the Dungeon)
Scrolls
 f - 3 scrolls of immolation {unknown}
 h - 2 scrolls of magic mapping
 m - a scroll of enchant armour
 n - a scroll of amnesia {unknown}
 r - 9 scrolls of identify
 t - 5 scrolls of teleportation
 w - 6 scrolls of remove curse
 z - a scroll of blinking
 D - a scroll of enchant weapon {unknown}
 E - a scroll of vulnerability {unknown}
 F - a scroll of fear {unknown}
 N - a scroll of acquirement {unknown}
Potions
 d - 4 potions of might
 g - 4 potions of mutation {unknown}
 i - 7 potions of curing {unknown}
 j - 2 potions of ambrosia {unknown}
 k - 8 potions of lignification
 l - 3 potions of haste
 p - 7 potions of brilliance {unknown}
 s - a potion of magic {unknown}
 u - 3 potions of flight {unknown}
 x - 7 potions of degeneration
 A - a potion of cancellation {unknown}
 B - a potion of stabbing {unknown}
 G - 2 potions of heal wounds {unknown}
Comestibles
 e - 12 rations
 M - 4 chunks of flesh


   Skills:
 + Level 6.8(6.5) Fighting
 * Level 10.9(10.6) Axes
 + Level 8.2(7.9) Armour
 + Level 8.2(7.9) Shields
 + Level 8.3(8.0) Invocations


You had 9 spell levels left.
You didn't know any spells.
Your spell library was empty.

Dungeon Overview and Level Annotations

Branches:
Dungeon (9/15)             Temple (0/1) D:5         Ossuary (visited)
 Bailey (1/1)
   Lair: D:8-11         Orc: D:9-12

Altars:
Cheibriados
Dithmenos
Elyvilon
Hepliaklqana
Kikubaaqudgha
Makhleb
Nemelex Xobeh
Okawaru
Ru
Trog

Shops:
D:9 [

Annotations:
D:6 exclusion: 2 goblins


Innate Abilities, Weirdness & Mutations

You are resistant to damage.
You can heal yourself by infusing magical energy.
You passively map the area around you.
You do not regenerate.


Message History

The hell rat bites you!
* * * LOW HITPOINT WARNING * * *
The demonic crawler hits you.
* * * LOW HITPOINT WARNING * * *
The demonic crawler hits you.
The demonic crawler hits you but does no damage.
The redback barely misses you.
The redback bites you but does no damage.
The tarantella bites you!
* * * LOW HITPOINT WARNING * * *
You are confused.
The deep elf mage hits you but does no damage.
You're too confused!
You're too confused!
You're too confused!
It was a potion of degeneration.
There was something very wrong with that liquid.
You feel weakened.
You feel dopey.
You feel clumsy. The redback bites you!
You die...

#####
######...## *
##..##..∩..#*
* #....#.....#
* #....##...##
.. *
##.e##)######.
*
###ss.###...##
* *
#s@s..#.....#
**
#re∩E.#er°..#
, *
#....E#°s...#
, ##.*.e#)se.#
* +* #####E# *
#...○#....#
*,,* * #....*
.....# ,* *
#..... .....#
,, ,, #.....
.....# ,,


You could see a demonic crawler, 3 deep elf magi, 3 fire elementals, a
tarantella, 2 redbacks, a hell rat and a battlesphere.

Vanquished Creatures
  Harold (D:7)
  Pikel (D:6)
  3 deep elf magi (Bailey)
  Maurice (D:8)
  Grinder (D:4)
  A hippogriff (D:7)
  Eustachio (D:6)
  A hungry ghost (D:9)
  A steam dragon (D:8)
  A water moccasin (D:7)
  3 orc warriors (D:8)
  3 slaves (D:6)
  4 ice beasts
  3 sky beasts
  7 ogres
  2 centaurs (D:5)
  2 bullfrogs
  A gnoll sergeant (D:9)
  A scorpion (D:8)
  4 killer bees (D:9)
  3 howler monkeys
  A crimson imp (D:5)
  3 bullfrog zombies
  A centaur zombie (Ossuary)
  A human zombie (Ossuary)
  2 hounds
  4 jellies
  2 bullfrog skeletons
  5 orc priests
  Crazy Yiuf (D:4)
  A gnoll shaman (D:7)
  4 orc wizards
  An iguana (D:5)
  Ijyb (D:5)
  4 worker ants
  A big kobold zombie (Ossuary)
  A hound skeleton (D:4)
  5 mummies (Ossuary)
  A worker ant zombie (D:5)
  10 gnolls
  10 adders
  4 shadow imps
  An adder skeleton (D:5)
  3 leopard geckos
  24 orcs
  2 bats (D:2)
  6 giant cockroaches
  4 gnoll zombies (Ossuary)
  2 hobgoblins
  3 jackals (D:4)
  A kobold (D:1)
  2 quokkas
  2 ball pythons
  3 frilled lizards
  6 goblins
  A jackal skeleton (D:4)
  A kobold zombie (Ossuary)
  2 rats
  A withered plant (D:6)
172 creatures vanquished.

Vanquished Creatures (others)
  An orc wizard (D:8)
1 creature vanquished.

Grand Total: 173 creatures vanquished

Notes
Turn   | Place    | Note
-------+----------+-------------------------------------------
     0 | D:1      | Flugslaktarn the Deep Dwarf Fighter began the quest for the
                  | Orb.
     0 | D:1      | Reached XP level 1. HP: 20/20 MP: 1/1
    71 | D:2      | Reached XP level 2. HP: 27/27 MP: 2/2
   365 | D:3      | Reached skill level 3 in Axes
   482 | D:3      | Reached XP level 3. HP: 30/33 MP: 3/3
   588 | D:4      | Reached XP level 4. HP: 42/42 MP: 3/3
   619 | D:4      | Noticed an ice beast
   627 | D:4      | Killed an ice beast
   627 | D:4      | Reached skill level 4 in Axes
   627 | D:4      | Reached XP level 5. HP: 39/49 MP: 4/4
   663 | D:4      | Identified Ximodoedgh's Guide on Sinister Secrets
   694 | D:4      | Found a burning altar of Makhleb.
   697 | D:4      | Found a sparkling altar of Nemelex Xobeh.
   718 | D:4      | Found a snail-covered altar of Cheibriados.
   729 | D:4      | Found a bloodstained altar of Trog.
   799 | D:4      | Became a worshipper of Makhleb the Destroyer
   868 | D:4      | Found a runed translucent door.
   869 | D:4      | Noticed Crazy Yiuf
   908 | D:4      | Noticed Grinder
   918 | D:4      | Reached skill level 1 in Invocations
   933 | D:4      | Killed Grinder
   933 | D:4      | Reached skill level 5 in Axes
   933 | D:4      | Reached XP level 6. HP: 23/57 MP: 4/6
  1213 | D:4      | Found a sacrificial altar of Ru.
  1278 | D:4      | Killed Crazy Yiuf
  1337 | D:5      | Entered Level 5 of the Dungeon
  1457 | D:5      | Reached XP level 7. HP: 51/63 MP: 7/7
  1482 | D:5      | Reached * piety under Makhleb
  1549 | D:5      | Reached skill level 5 in Armour
  1549 | D:5      | Reached skill level 5 in Shields
  1620 | D:5      | Reached skill level 6 in Axes
  1656 | D:5      | Found a staircase to the Ecumenical Temple.
  1681 | D:5      | Noticed Ijyb
  1694 | D:5      | Killed Ijyb
  1983 | D:5      | Reached XP level 8. HP: 68/73 MP: 7/7
  2247 | D:6      | Found a hazy altar of Hepliaklqana.
  2249 | D:6      | Found a sand-covered staircase.
  2331 | Ossuary  | Entered an ossuary
  2443 | Ossuary  | Reached skill level 7 in Axes
  2667 | D:6      | Noticed Eustachio
  2756 | D:6      | Killed Eustachio
  2859 | D:6      | Noticed Pikel
  2883 | D:6      | Killed Pikel
  2883 | D:6      | Reached skill level 5 in Fighting
  2883 | D:6      | Reached skill level 8 in Axes
  2883 | D:6      | Reached skill level 5 in Invocations
  2883 | D:6      | Gained mutation: You passively map the area around you.
                  | [Deep Dwarf growth]
  2883 | D:6      | Reached XP level 9. HP: 44/81 MP: 8/10
  2909 | D:6      | Found an iron altar of Okawaru.
  3025 | D:6      | Reached ** piety under Makhleb
  3033 | D:6      | Found an ancient bone altar of Kikubaaqudgha.
  3343 | D:7      | Noticed Harold
  3381 | D:7      | Killed Harold
  3381 | D:7      | Reached skill level 9 in Axes
  3652 | D:7      | Found a white marble altar of Elyvilon.
  4178 | D:8      | Reached XP level 10. HP: 66/91 MP: 11/11
  4279 | D:8      | Noticed Maurice
  4316 | D:8      | Killed Maurice
  4405 | D:8      | Reached skill level 10 in Axes
  5243 | D:9      | Found a shadowy altar of Dithmenos.
  5248 | D:9      | Reached *** piety under Makhleb
  5337 | D:9      | Found Rugy's Antique Armour Shop.
  5343 | D:9      | Found a flagged portal.
  5357 | Bailey   | Entered a bailey
  5366 | Bailey   | Noticed a deep elf mage
  5415 | Bailey   | Killed a deep elf mage
  5434 | Bailey   | Noticed a deep elf mage
  5435 | Bailey   | Noticed a deep elf mage
  5435 | Bailey   | Noticed a deep elf mage
  5435 | Bailey   | Noticed a deep elf mage
  5435 | Bailey   | Noticed a deep elf mage
  5444 | Bailey   | Killed a deep elf mage
  5459 | Bailey   | Killed a deep elf mage
  5462 | Bailey   | HP: 2/92 [tarantella[a deep elf mage] (7)]
  5463 | Bailey   | Mangled by a redback

Levels and vault maps discovered:
D:1:      wander_arrival_peaceful_grave, layout_loops_cross
D:2:      layout_basic, first_ration, minmay_box_of_dots
D:3:      cheibrodos_old_hovel, layout_loops_ring,
          gammafunk_temple_overflow_wave, minmay_misc_feat_encased
D:4:      layout_cave_pools, lemuel_doored_altar,
          nicolae_overflow_quartered_altars, uniq_crazy_yiuf_cottage,
          uniq_grinder
D:5:      minmay_chambers_of_fours, layout_loops_ring,
          minmay_temple_entry_butterflies, uniq_ijyb
D:6:      layout_cave_pools, kiku_gazebo_garden_becter,
          kennysheep_okawaru_gauntlet, nicolae_ossuary_entry_monument,
          basic_altar, uniq_pikel, uniq_eustachio
D:7:      layout_loops_corners, basic_altar, uniq_harold
D:8:      layout_rooms, serial_co_window_serial, co_window_of_opportunity_a,
          co_window_cross_1, co_window_cross_1, co_window_corner_a,
          co_window_corner_a, co_window_corner_ca, co_window_of_opportunity_b,
          co_window_corner_b, co_window_2corner, co_window_corner_b,
          co_window_4corner_b, glass_columns_a, glass_columns_c, uniq_maurice
D:9:      layout_stronghold, grunt_dithmenos_shadows, enter_bailey_3,
          basic_altar, serial_shops, shop
Bailey:   bailey_polearm_3, bailey

Skill      XL: |  1  2  3  4  5  6  7  8  9 10 |
---------------+-------------------------------+-----
Axes           | 3 4 5 6 8 9 10 | 10.9
Fighting       | 3 4 5 6 |  6.8
Armour         | 4 5 6 7 8 |  8.2
Shields        | 4 5 6 7 8 |  8.2
Invocations    | 2 3 5 6 8 |  8.3

Action                   |  1- 3 |  4- 6 |  7- 9 | 10-12 || total
-------------------------+-------+-------+-------+-------++-------
Melee: War axe           |    77 |   106 |   506 |   231 ||   920
 Abil: Heal Wounds       |     1 |     2 |    15 |    14 ||    32
Evoke: Wand              |       |       |       |     1 ||     1
  Use: Scroll            |       |       |     9 |       ||     9
       Potion            |       |       |       |     1 ||     1
  Eat: Chunk             |       |     2 |     9 |     8 ||    19
Armor: Scale mail        |    41 |    48 |   253 |    21 ||   363
       Chain mail        |       |       |       |   116 ||   116
Dodge: Dodged            |    33 |    34 |   177 |    82 ||   326
Block: Kite shield       |    43 |    57 |   308 |   156 ||   564

Table legend:
 A = Non-vault XP
 B = Vault XP
 C = Vault XP percentage of total XP
 D = Non-vault monster count
 E = Vault monster count
 F = Vault count percentage of total count
                 A         B        C        D         E       F
            +---------+---------+-------+---------+---------+-------
      Total |    5233 |    4760 |  47.6 |     133 |      36 |  21.3
            +---------+---------+-------+---------+---------+-------
        D:1 |      11 |       0 |   0.0 |       6 |       0 |   0.0
        D:2 |      17 |       5 |  22.7 |       5 |       3 |  37.5
        D:3 |       7 |       1 |  12.5 |       4 |       1 |  20.0
        D:4 |     314 |     321 |  50.6 |      24 |       2 |   7.7
        D:5 |     645 |     224 |  25.8 |      24 |       5 |  17.2
        D:6 |     444 |     837 |  65.3 |      11 |       2 |  15.4
        D:7 |    1263 |    1013 |  44.5 |      14 |       1 |   6.7
        D:8 |    1440 |     469 |  24.6 |      28 |       1 |   3.4
        D:9 |    1092 |      19 |   1.7 |      17 |       5 |  22.7
    Ossuary |       0 |     220 | 100.0 |       0 |      13 | 100.0
     Bailey |       0 |    1651 | 100.0 |       0 |       3 | 100.0
            +---------+---------+-------+---------+---------+-------
